 Dungeon Crawl Stone Soup version 0.31-a0-236-g9a0961fb85 (webtiles) character file.

Game seed: 3392403406438621668

25302 Ge0ff the Slicer (level 12, -15/100 HPs)
             Began as an Armataur Necromancer on July 10, 2023.
             Was an Elder of Hepliaklqana.
             Demolished by a komodo dragon (16 damage)
             ... on level 1 of the Lair of Beasts.
             The game lasted 00:47:38 (18255 turns).

Ge0ff the Slicer (Armataur Necromancer)            Turns: 18255, Time: 00:47:39

Health: -15/100    AC: 14    Str: 13    XL:     12   Next: 88%
Magic:  7/16       EV:  7    Int: 21    God:    Hepliaklqana [****..]
Gold:   843        SH:  5    Dex: 17    Spells: 13/17 levels left

rFire   + . .        a - +1 quick blade (chaos)
rCold   . . .        l - +0 buckler
rNeg    . . .        b - +3 scale mail {rF+}
rPois   .            Y - +1 helmet
rElec   .            I - +0 cloak
rCorr   .            y - +0 pair of gloves
SInv    .            (no barding)
Will    .....        (no amulet)
Stlth   +            L - +4 ring of slaying
HPRegen 0.36/turn    j - +6 ring of dexterity
MPRegen 0.15/turn

%: roll
@: no status effects
A: reduced essence, large, rugged brown scales 3, deformed body, armoured tail,
roll, long tongue, awkward tongue
a: Renounce Religion, Recall Ancestor, Ancestor Identity, Transference, Idealise


You were on level 1 of the Lair of Beasts.
You worshipped Hepliaklqana.
Hepliaklqana was greatly pleased with you.
You visited 2 branches of the dungeon, and saw 13 of its levels.
You also visited: Bailey.

You collected 843 gold pieces.

Inventory:

Hand Weapons
 a - a +1 quick blade of chaos (weapon)
 c - a +2 demon trident
 g - a +0 dagger of electrocution
 i - a +1 vampiric dagger
 o - a +2 dagger of speed
 r - a +2 dagger of freezing
 s - a +0 dagger of chaos
 w - a +0 rapier
 Q - a +3 scimitar of flaming
 T - a +0 dagger of venom
Missiles
 u - 24 poisoned darts
 G - 6 javelins
 W - a boomerang (quivered)
Armour
 b - a +3 scale mail of fire resistance (worn)
 f - the +2 ring mail of Yesterday {rF+ Dex+3}
   (You found it on level 10 of the Dungeon)

   Dex:       It affects your dexterity (+3).
   rF:        It protects you from fire.
 h - the +2 robe of Qazlal's Delight {Rampage}
   (You found it on level 10 of the Dungeon)

   Rampage:   It bestows one free step when moving towards enemies.
 l - a +0 buckler (worn)
 q - +0 steam dragon scales
 t - a +2 pair of gloves
 y - a +0 pair of gloves (worn)
 H - a +2 robe of willpower
 I - a +0 cloak (worn)
 O - +0 swamp dragon scales
 Y - a +1 helmet (worn)
Magical Staves
 A - a staff of conjuration
Jewellery
 d - a ring of protection from fire
 j - a +6 ring of dexterity (right hand)
 m - a ring of positive energy
 n - a ring of poison resistance
 z - a ring of wizardry
 D - a +6 ring of intelligence
 L - a +4 ring of slaying (left hand)
Wands
 e - a wand of charming (12)
 P - a wand of polymorph (6)
Scrolls
 B - a scroll of blinking
 C - a scroll of poison
 E - 2 scrolls of fear
 F - 2 scrolls of fog
 S - a scroll of summoning
 V - a scroll of vulnerability
Potions
 v - a potion of lignification {unknown}
 x - a potion of brilliance {unknown}
 J - a potion of degeneration {unknown}
 K - a potion of magic {!q}
 M - 2 potions of might
 N - 3 potions of cancellation {!q}
 R - a potion of mutation {unknown}
 U - a potion of attraction {unknown}
 X - 2 potions of enlightenment
 Z - a potion of berserk rage {unknown}


   Skills:
 + Level 9.3 Fighting
 + Level 13.4 Short Blades
 - Level 1.0 Throwing
 + Level 4.1 Armour
 - Level 3.0 Dodging
 - Level 2.1 Stealth
 + Level 3.1 Shields
 - Level 3.0 Spellcasting
 - Level 9.0 Necromancy
 - Level 5.0 Evocations


You had 13 spell levels left.
You knew the following spells:

 Your Spells              Type           Power      Damage    Failure   Level
k - Necrotise             Necr           100%       1d9       1%          1
C - Vampiric Draining     Necr           40%        2d8       6%          3

Your spell library contained the following spells:

 Spells                   Type           Power      Damage    Failure   Level
 Animate Dead             Necr           40%        N/A       19%         4
 Agony                    Necr           40%        N/A       47%         5
 Beastly Appendage        Tmut           6%         N/A       61%         1
 Magic Dart               Conj           12%        1d3       61%         1
 Shock                    Conj/Air       12%        1d3       61%         1
 Call Imp                 Summ           6%         N/A       75%         2
 Wereblood                Tmut           3%         N/A       75%         2
 Mephitic Cloud           Conj/Pois/Air  3%         N/A       93%         3
 Spider Form              Tmut/Pois      3%         N/A       93%         3
 Swiftness                Air            3%         N/A       93%         3
 Airstrike                Air            1%         2d(1-17)  100%        4
 Animate Armour           Summ/Erth      6%         N/A       100%        4
 Summon Lightning Spire   Summ/Air       3%         N/A       100%        4
 Blade Hands              Tmut           1%         N/A       100%        5


Dungeon Overview and Level Annotations

Branches:
Dungeon (12/15) Zot: 25087  Temple (0/1) D:7            Lair (1/5) D:11 Zot: 5993
    Orc (0/2) D:10         Bailey (visited)

Altars:
Cheibriados
Dithmenos
Hepliaklqana
Nemelex Xobeh
Uskayaw

Shops:
D:5 :


Innate Abilities, Weirdness & Mutations

Your life essence is reduced to manifest your ancestor. (-10% HP)
You are completely covered in rugged brown scales. (AC +3, +7% HP)
Armour fits poorly on your strangely shaped body.
You have a long armoured tail.
You roll when moving toward enemies. (Rampage)
Your long tongue fully drains potion bottles. (2x potion effects)
Your tongue gives you trouble enunciating. (1.5x scroll delay)


Message History

A wyvern comes into view.
The wyvern hisses angrily.
You hit the komodo dragon but do no damage.
You barely miss the komodo dragon.
Your tail-slap misses the komodo dragon.
You hit the komodo dragon but do no damage.
The komodo dragon goes berserk!
You hit the komodo dragon.
Space warps around the komodo dragon.
The komodo dragon is lightly wounded.
SlowAttackCestor closely misses the komodo dragon.
The komodo dragon bites you!!
You hit the komodo dragon.
Space warps around the komodo dragon.
You hit the komodo dragon. You tail-slap the komodo dragon.
The komodo dragon is moderately wounded.
The komodo dragon bites you but does no damage.
You hit the komodo dragon. You burn the komodo dragon.
You hit the komodo dragon but do no damage.
The komodo dragon is moderately wounded.
SlowAttackCestor barely misses the komodo dragon.
The komodo dragon bites you!
Casting: Vampiric Draining (mildly dangerous; 6% risk of failure)
Confirm with . or Enter, or press ? or * to list all spells.
Aiming: Vampiric Draining (mildly dangerous; 6% risk of failure)
Press: ? - help, Shift-Dir - straight line, f - komodo dragon
Aim: a komodo dragon (moderately wounded, berserk, ally target)
You draw life force from the komodo dragon!
You feel life coursing into your body. The komodo dragon barely misses you.
Casting: Vampiric Draining (mildly dangerous; 6% risk of failure)
Confirm with . or Enter, or press ? or * to list all spells.
Aiming: Vampiric Draining (mildly dangerous; 6% risk of failure)
Press: ? - help, Shift-Dir - straight line, f/p - komodo dragon
Aim: a komodo dragon (heavily wounded, berserk, ally target)
You draw life force from the komodo dragon.
You feel life coursing into your body.
The komodo dragon bites you but does no damage.
SlowAttackCestor barely misses the komodo dragon.
The komodo dragon bites you!!
The komodo dragon bites you but does no damage.
Casting: Vampiric Draining (mildly dangerous; 6% risk of failure)
Confirm with . or Enter, or press ? or * to list all spells.
Aiming: Vampiric Draining (mildly dangerous; 6% risk of failure)
Press: ? - help, Shift-Dir - straight line, f/p - komodo dragon
Aim: a komodo dragon (heavily wounded, berserk, ally target)
You draw life force from the komodo dragon.
You feel life coursing into your body. The wyvern bites you.
The komodo dragon bites you!!!
* * * LOW HITPOINT WARNING * * *
The wyvern bites you but does no damage.
The komodo dragon bites you!
You die...

#.............
#.............
#...........#
#.......$...##
#............#
#...........#
#....lllR[..#
#.....@.....#
#.....<.....#
#...........#
#.........$...
#.............
#...[......#.#
#..........# #
#..........#
#..........#


You could see the friendly SlowAttackCestor the knight, 2 komodo dragons and a
wyvern.

Vanquished Creatures
  Azrael (D:12)
  Erica (D:10)
  3 two-headed ogres
  Urug (D:11)
  Nergalle (D:11)
  An ugly thing (D:12)
  8 centaur zombies (D:10)
  Psyche (D:10)
  2 unseen horror zombies (D:10)
  A komodo dragon (D:9)
  2 kobold demonologists (D:12)
  A troll (D:12)
  A hornet (D:9)
  An air elemental (D:10)
  7 shadows
  A spriggan (Bailey)
  7 vampires
  A water elemental (D:10)
  9 wraiths
  2 wyverns (D:11)
  2 steam dragons
  3 fire elementals
  Grum (D:11)
  6 vampire mosquitoes
  A hell hound (D:11)
  Duvessa (D:6)
  2 orc warriors
  2 black bears (D:5)
  5 ice beasts
  2 sky beasts
  6 ogres
  5 wolves (D:11)
  A phantom (D:4)
  2 kobold brigands
  2 bullfrogs
  3 scorpions
  An earth elemental (D:10)
  4 wights (D:9)
  Dowan (D:6)
  5 killer bees
  3 howler monkeys (D:8)
  7 orc priests
  4 hounds
  2 jellies
  Crazy Yiuf (D:2)
  A sleepcap (D:6)
  4 iguanas
  15 orc wizards
  Robin (D:2)
  A howler monkey zombie (D:10)
  6 adders
  A shadow imp (D:7)
  A white imp (D:7)
  3 dart slugs
  22 orcs
  5 bats
  7 endoplasms
  11 goblins
  8 hobgoblins
  10 jackals
  A quokka (D:4)
  9 ball pythons
  5 frilled lizards
  9 kobolds
  5 rats
  A spectral hobgoblin (D:3)
250 creatures vanquished.

Vanquished Creatures (collateral kills)
  2 two-headed ogres
  An ugly thing (D:12)
  4 centaur zombies (D:10)
  A rime drake (D:11)
  An unseen horror zombie (D:10)
  A polar bear (D:11)
  A vampire (D:9)
  2 spriggans (Bailey)
  2 wraiths (D:10)
  2 shadows
  A wyvern (D:9)
  A steam dragon (Bailey)
  2 fire elementals
  A vampire mosquito (D:11)
  3 hell hounds (D:12)
  An ice beast (D:11)
  3 ogres (Bailey)
  3 centaurs
  A kobold brigand (D:12)
  A wight (D:9)
  4 killer bees
  2 howler monkeys (D:9)
  An iguana (D:5)
  A mummy (D:8)
  2 howler monkey zombies (D:10)
  2 orcs
  4 kobolds
  2 goblins (D:2)
52 creatures vanquished.

Vanquished Creatures (others)
  A two-headed ogre (Bailey)
  A centaur zombie (D:10)
  A hornet (D:9)
  A vampire (D:10)
  A wyvern (D:9)
  5 knights
10 creatures vanquished.

Grand Total: 312 creatures vanquished

Notes
Turn   | Place    | Note
-------+----------+-------------------------------------------
     0 | D:1      | Ge0ff the Armataur Necromancer began the quest for the Orb.
     0 | D:1      | Reached XP level 1. HP: 14/14 MP: 3/3
   210 | D:1      | Reached XP level 2. HP: 21/21 MP: 0/5
   747 | D:2      | Reached skill level 1 in Fighting
   747 | D:2      | Reached XP level 3. HP: 29/29 MP: 3/6
   815 | D:2      | Found a runed translucent door.
   816 | D:2      | Noticed Crazy Yiuf
   890 | D:2      | Noticed Robin
  1024 | D:2      | Killed Robin
  1135 | D:2      | Reached XP level 4. HP: 37/37 MP: 4/8
  1186 | D:2      | Learned a level 3 spell: Vampiric Draining
  1632 | D:2      | Killed Crazy Yiuf
  2170 | D:3      | Reached XP level 5. HP: 42/42 MP: 5/9
  2313 | D:3      | Found a faded altar of an unknown god.
  2668 | D:4      | Noticed a phantom
  2675 | D:4      | Killed a phantom
  2676 | D:4      | Reached skill level 1 in Short Blades
  2676 | D:4      | Reached skill level 5 in Necromancy
  2803 | D:4      | Reached XP level 6. HP: 50/50 MP: 5/10
  3362 | D:4      | Reached XP level 7. HP: 33/55 MP: 1/11
  3654 | D:5      | Entered Level 5 of the Dungeon
  3668 | D:5      | Found Xuzof's Book Emporium.
  3830 | D:5      | Reached skill level 1 in Armour
  3869 | D:5      | Reached skill level 1 in Evocations
  3961 | D:5      | Found a hazy altar of Hepliaklqana.
  4005 | D:5      | Became a worshipper of Hepliaklqana the Forgotten
  4014 | D:5      | Reached skill level 2 in Short Blades
  4134 | D:5      | Reached XP level 8. HP: 63/63 MP: 5/12
  4336 | D:5      | Reached skill level 3 in Short Blades
  4557 | D:5      | Found a shadowy altar of Dithmenos.
  4733 | D:6      | Noticed Duvessa
  4733 | D:6      | Noticed Dowan
  4756 | D:6      | Killed Duvessa
  4762 | D:6      | Killed Dowan
  4961 | D:6      | Noticed a two-headed ogre
  5234 | D:6      | Reached skill level 4 in Short Blades
  5410 | D:6      | Reached skill level 5 in Short Blades
  5509 | D:6      | Killed a two-headed ogre
  5510 | D:6      | Reached XP level 9. HP: 75/75 MP: 6/13
  6025 | D:6      | Reached * piety under Hepliaklqana
  6440 | D:7      | Found a staircase to the Ecumenical Temple.
  7851 | D:8      | Reached ** piety under Hepliaklqana
  7852 | D:8      | Remembered your ancestor SlowAttackCestor as a knight
  8067 | D:8      | Identified a scroll of acquirement
  8067 | D:8      | Acquired a +0 quick blade of venom
  8267 | D:8      | Reached skill level 6 in Short Blades
  8544 | D:8      | Found a snail-covered altar of Cheibriados.
  8612 | D:9      | Noticed a two-headed ogre
  8618 | D:9      | Killed a two-headed ogre
  8619 | D:9      | Reached skill level 7 in Short Blades
  8619 | D:9      | Reached XP level 10. HP: 39/75 MP: 7/14
  8630 | D:9      | Found a flagged portal.
  8647 | Bailey   | Entered a bailey
  8832 | Bailey   | Reached skill level 8 in Short Blades
  9494 | Bailey   | Noticed a two-headed ogre
  9505 | Bailey   | Killed a two-headed ogre
  9506 | Bailey   | Reached skill level 5 in Fighting
  9515 | Bailey   | Reached skill level 9 in Short Blades
 10911 | D:10     | Entered Level 10 of the Dungeon
 10911 | D:10     | Noticed Erica
 11055 | D:10     | Reached skill level 10 in Short Blades
 11055 | D:10     | Reached XP level 11. HP: 21/86 MP: 15/15
 11961 | D:10     | Reached *** piety under Hepliaklqana
 12095 | D:10     | Found a hide-covered altar of Uskayaw.
 12098 | D:10     | Found a sparkling altar of Nemelex Xobeh.
 12197 | D:10     | Reached skill level 11 in Short Blades
 12395 | D:10     | Killed Erica
 12503 | D:10     | Noticed a two-headed ogre
 12511 | D:10     | Killed a two-headed ogre
 12517 | D:10     | Reached skill level 12 in Short Blades
 12928 | D:10     | Found a staircase to the Orcish Mines.
 13672 | D:10     | Found a large runed translucent door.
 13673 | D:10     | Found a large runed translucent door.
 13680 | D:10     | Reached XP level 12. HP: 63/97 MP: 14/16
 14030 | D:10     | Paralysed by an air elemental for 1 turns
 14030 | D:10     | Noticed Psyche
 14034 | D:10     | Paralysed by an air elemental for 1 turns
 14044 | D:10     | Paralysed by an air elemental for 1 turns
 14078 | D:10     | Killed Psyche
 14511 | D:10     | Identified the +2 robe of Qazlal's Delight {Rampage}
 14516 | D:10     | Identified the +2 ring mail of Yesterday {rF+ Dex+3}
 14578 | D:11     | Found a transporter.
 14583 | D:11     | Found a transporter.
 14587 | D:11     | Found a transporter.
 14587 | D:11     | Found a transporter.
 14617 | D:11     | Found a transporter.
 14617 | D:11     | Found a transporter.
 15001 | D:11     | Noticed Grum
 15056 | D:11     | Found a staircase to the Lair.
 15095 | D:11     | Killed Grum
 15096 | D:11     | Reached skill level 13 in Short Blades
 15204 | D:11     | Noticed Nergalle
 15241 | D:11     | Killed Nergalle
 15664 | D:11     | Noticed Urug
 15677 | D:11     | Killed Urug
 16326 | D:12     | Reached skill level 1 in Throwing
 16452 | D:12     | Reached skill level 1 in Shields
 16511 | D:12     | Noticed Azrael
 16890 | D:12     | Noticed a two-headed ogre
 16897 | D:12     | Killed a two-headed ogre
 17066 | D:12     | Reached **** piety under Hepliaklqana
 17262 | D:12     | Found a shadowy altar of Dithmenos.
 17393 | D:12     | Noticed a two-headed ogre
 17399 | D:12     | Killed a two-headed ogre
 17599 | D:12     | Reached skill level 5 in Evocations
 17627 | D:12     | Killed Azrael
 18247 | Lair:1   | Entered Level 1 of the Lair of Beasts
 18255 | Lair:1   | HP: 1/100 [komodo dragon (44)]
 18255 | Lair:1   | Demolished by a komodo dragon

Illustrated notes

Levels and vault maps discovered:
D:1:      scummos_arrival_hexagon, layout_rooms
D:2:      layout_basic, minmay_pentomino_r4, uniq_robin, uniq_crazy_yiuf_cottage
D:3:      layout_rooms, dreamdust_ecumenical_altar_drowned_temple,
          minmay_starry_boxes
D:4:      layout_rooms
D:5:      layout_basic, mainiacjoe_overflow_alcove_1,
          mainiacjoe_overflow_small_starburst, serial_shops,
          nicolae_shop_statue_plus
D:6:      layout_gridville, minmay_crystal_room, grunt_decor_fettered,
          minmay_a_box_with_orc_wizards_in_it, uniq_duvessa
D:7:      layout_basic, minmay_temple_entry_hall
D:8:      layout_layer_cave, slow_altar_2
D:9:      layout_basic, enter_bailey_2
D:10:     layout_cave_pools, chequers_temple_overflow_statue_of_worship,
          orc_0_dummy, serial_undead, serial_undead_e, serial_undead_d,
          serial_undead_b, serial_undead_d, serial_undead_b, serial_undead_d,
          serial_undead_f, serial_undead_d, serial_undead_d, serial_undead_e,
          lightli_elemental_guards, uniq_psyche, uniq_erica
D:11:     layout_grid_maze, hellmonk_lair_entry_icy, serial_nicolae_subway,
          nicolae_sub_station_stone, nicolae_sub_station_metal,
          nicolae_sub_station_crystal, uniq_urug, uniq_grum, uniq_nergalle
D:12:     layout_grid_maze, grunt_dithmenos_shadows, uniq_azrael
Lair:1:   layout_small_grid, disabler_island, grunt_megastairs_3, uniq_amaemon

Skill      XL: |  1  2  3  4  5  6  7  8  9 10 11 12 |
---------------+-------------------------------------+-----
Spellcasting   | 2 3 |  3.0
Fighting       | 1 4 6 8 9 |  9.3
Necromancy     | 4 5 6 7 9 |  9.0
Short Blades   | 1 2 5 7 10 12 13 | 13.4
Armour         | 1 4 |  4.1
Evocations     | 2 4 5 |  5.0
Dodging        | 2 3 |  3.0
Throwing       | 1 |  1.0
Shields        | 3 |  3.1
Stealth        | |  2.1

Action                     |  1- 3 |  4- 6 |  7- 9 | 10-12 || total
---------------------------+-------+-------+-------+-------++-------
  Melee: Short sword       |    28 |    27 |    41 |       ||    96
         Tailslap          |     3 |     2 |    30 |   164 ||   199
         Unarmed           |     1 |       |       |       ||     1
         Dagger            |       |       |    73 |       ||    73
         Quick blade       |       |       |    53 |   789 ||   842
         Punch             |       |       |       |    16 ||    16
  Throw: Stone             |     1 |     1 |       |       ||     2
         Throwing net      |       |       |     1 |       ||     1
         Boomerang         |       |       |       |    35 ||    35
   Cast: Necrotise         |    46 |    87 |   115 |    60 ||   308
         Vampiric Draining |       |     2 |    17 |    28 ||    47
 Invoke: Recall Ancestor   |       |       |     1 |    18 ||    19
         Ancestor Life: Kn |       |       |     1 |       ||     1
         Ancestor Identity |       |       |     1 |       ||     1
         Transference      |       |       |       |     1 ||     1
  Evoke: Wand              |       |     3 |     2 |    13 ||    18
    Use: Scroll            |       |       |    11 |     8 ||    19
         Potion            |       |       |       |    15 ||    15
   Stab: Sleeping          |       |     2 |     2 |       ||     4
         Confused          |       |       |       |     5 ||     5
         Distracted        |       |       |       |     5 ||     5
         Petrifying        |       |       |       |     1 ||     1
         Invisible         |       |       |       |     1 ||     1
         Paralysed         |       |       |       |     1 ||     1
 Armour: Robe              |    22 |    15 |   102 |    13 ||   152
         Swamp dragon scal |       |       |       |   146 ||   146
         Ring mail         |       |       |       |    63 ||    63
         Scale mail        |       |       |       |    21 ||    21
         Skin              |       |       |       |     4 ||     4
  Dodge: Dodged            |    21 |    22 |    95 |   182 ||   320
  Block: Buckler           |       |       |       |    17 ||    17

Table legend: (Time is in decaauts)
 A = Elapsed time spent in this place.
 B = Non-inter-level travel time spent in this place.
 C = Inter-level travel time spent in this place.
 D = Time resting spent in this place.
 E = Time spent auto-exploring this place.
 F = Levels seen in this place.
 G = Mean time per level.
                   A        B        C        D        E       F      G
               +--------+--------+--------+--------+--------+-----+--------+
         Total |  18069 |  17209 |    860 |   1931 |  12096 |  14 | 1290.6 |
       Dungeon |  16949 |  16090 |    859 |   1095 |  12013 |  12 | 1412.4 |
          Lair |      6 |      6 |      0 |      0 |      0 |   1 |    6.0 |
        Bailey |   1114 |   1114 |      0 |    836 |     83 |   1 | 1114.0 |
               +--------+--------+--------+--------+--------+-----+--------+

Top non-repeatable levels by time:
     D:9: 3004 daAuts
    D:11: 1901 daAuts
    D:12: 1698 daAuts
    D:10: 1605 daAuts
     D:6: 1534 daAuts
     D:2: 1289 daAuts
     D:8: 1233 daAuts
     D:7: 1200 daAuts
  Bailey: 1114 daAuts
     D:5: 1107 daAuts
     D:4: 1004 daAuts
     D:3: 854 daAuts
     D:1: 515 daAuts
  Lair:1: 6 daAuts
